[Event "Titled Tuesday Blitz February 22 Early 2022"]
[White "Sadhwani, Raunak"]
[Black "Nakamura, Hikaru"]
[WhiteFideId "35093487"]
[BlackFideId "2016192"]
[WhiteElo "2616"]
[BlackElo "2850"]
[Result "0-1"]
[Round "08"]
[TimeControl "180+1"]
[Date "2022.02.22"]
[WhiteClock "0:00:03"]
[BlackClock "0:00:15"]

1. d4 g6 2. e4 Bg7 3. Nc3 a6 4. Be3 b5 5. Qd2 Bb7 6. f3 d6 7. h4 h5 8. Nh3 e6 9. Ng5 Nd7 10. O-O-O Nb6 11. b3 Nf6 12. Kb1 Qe7 13. g3 c5 14. dxc5 dxc5 15. e5 Nfd7 16. Nce4 Bxe5 17. f4 Bc7 18. Bg2 Nd5 19. Rhe1 O-O-O 20. Qf2 Nxe3 21. Rxe3 Nb6 22. Ree1 c4 23. Nc3 Rxd1+ 24. Rxd1 Rd8 25. Bxb7+ Kxb7 26. Qf3+ Kb8 27. Nce4 Rxd1+ 28. Qxd1 Nd5 29. Qd4 f6 30. Nf3 Bb6 31. Qd2 Qd7 32. c3 Kc7 33. Kb2 a5 34. Nd4 b4 35. Ne2 cxb3 36. axb3 f5 37. Ng5 Nf6 38. Qc2 Kb7 39. cxb4 axb4 40. Qc4 Nd5 41. Nf3 Ne3 42. Qxb4 Qd3 43. Nfd4 Nd5 44. Qc4 Qd2+ 45. Qc2 Bxd4+ 0-1


[Site "https://www.chess.com"]

[Event "Titled Tuesday Blitz February 22 Early 2022"]
[White "Sailer, Mike"]
[Black "Shuvalov, Evgenij"]
[WhiteFideId "2012901"]
[BlackFideId "4187237"]
[WhiteElo "2109"]
[BlackElo "2119"]
[Result "0-1"]
[Round "08"]
[TimeControl "180+1"]
[Date "2022.02.22"]
[WhiteClock "0:00:12"]
[BlackClock "0:01:11"]

1. d4 Nf6 2. Nf3 g6 3. Bf4 Bg7 4. e3 d6 5. Be2 O-O 6. O-O Nc6 7. c4 Nd7 8. h3 e5 9. Bh2 f5 10. Nc3 Kh8 11. a3 e4 12. Nd2 Nf6 13. b4 Ne7 14. d5 g5 15. Nb3 Ng6 16. Nd4 Qe7 17. Rc1 f4 18. exf4 gxf4 19. f3 e3 20. Ne6 Bxe6 21. dxe6 c6 22. Ne4 Nxe4 23. fxe4 Qxe6 24. Bg4 Qe7 25. Bh5 Be5 26. Qg4 Rg8 27. Bxg6 Rxg6 28. Qh5 Rf8 29. Rf2 exf2+ 0-1


[Site "https://www.chess.com"]

[Event "Titled Tuesday Blitz February 22 Early 2022"]
[White "Sanchez Alvares, Kelvin Antonio"]
[Black "Krysa, Leandro"]
[WhiteFideId "3906680"]
[BlackFideId "116807"]
[WhiteElo "2193"]
[BlackElo "2490"]
[Result "0-1"]
[Round "08"]
[TimeControl "180+1"]
[Date "2022.02.22"]
[WhiteClock "0:00:54"]
[BlackClock "0:00:12"]

1. d4 Nf6 2. c4 g6 3. Nf3 Bg7 4. Nc3 d5 5. Bg5 Ne4 6. cxd5 Nxg5 7. Nxg5 e6 8. Qd2 h6 9. Nh3 exd5 10. Qe3+ Kf8 11. O-O-O c6 12. Nf4 Bf6 13. g3 Kg7 14. h4 Bf5 15. Bh3 Qd7 16. Bxf5 Qxf5 17. h5 g5 18. Nd3 Nd7 19. f4 Rhe8 20. Qf2 g4 21. Rh2 Nf8 22. Ne5 Ne6 23. e3 Rf8 24. Qe2 Bxe5 25. dxe5 Rfd8 26. e4 dxe4 27. Qxe4 Qxe4 28. Nxe4 Rxd1+ 29. Kxd1 Rd8+ 30. Rd2 Rd5 31. Rxd5 cxd5 32. Nf6 Nd4 33. Nxg4 Nf5 34. Nf6 Nxg3 35. Nxd5 Nxh5 36. Ke2 Kf8 37. Kf3 Ng7 38. Ke4 Ne6 39. f5 Nc5+ 40. Kd4 Na4 41. b3 Nb6 42. Nxb6 axb6 43. Ke4 b5 44. a3 Kg7 45. Kf4 Kh7 46. Kg4 Kg7 47. Kh5 Kh7 48. f6 b4 49. axb4 b5 50. Kh4 Kg6 51. Kg4 h5+ 52. Kf4 h4 53. Kg4 h3 54. e6 fxe6 55. Kxh3 Kxf6 56. Kg4 Ke5 57. Kf3 Kd4 58. Ke2 Kc3 0-1


[Site "https://www.chess.com"]

[Event "Titled Tuesday Blitz February 22 Early 2022"]
[White "Sanchez, Robert"]
[Black "Winkels, Marcel"]
[WhiteFideId "2034360"]
[BlackFideId "1003887"]
[WhiteElo "2256"]
[BlackElo "1900"]
[Result "0-1"]
[Round "08"]
[TimeControl "180+1"]
[Date "2022.02.22"]
[WhiteClock "0:01:37"]
[BlackClock "0:00:19"]

1. e4 g6 2. d4 Bg7 3. Nc3 d5 4. e5 c5 5. Nf3 Nc6 6. Bb5 cxd4 7. Nxd4 Bd7 8. e6 fxe6 9. Nxc6 bxc6 10. Bd3 Nf6 11. h4 e5 12. h5 Bg4 13. Be2 Bxe2 14. Qxe2 Nxh5 15. g4 Nf4 16. Bxf4 exf4 17. Qd3 O-O 18. O-O-O Rb8 19. Rh3 e5 20. f3 Qb6 21. b3 Qe3+ 22. Qxe3 fxe3 23. Rdh1 h6 24. Na4 Rf4 25. Nc5 Re8 26. Nd3 Rf7 27. Kd1 e4 28. fxe4 Rxe4 29. Nc5 Ref4 30. Ne6 Rf1+ 31. Ke2 Rxh1 32. Rxh1 Rf2+ 33. Kxe3 Rxc2 34. a4 0-1


[Site "https://www.chess.com"]

[Event "Titled Tuesday Blitz February 22 Early 2022"]
[White "Sarana, Alexey"]
[Black "Kislov, Oleg"]
[WhiteFideId "24133795"]
[BlackFideId "13503774"]
[WhiteElo "2988"]
[BlackElo "2540"]
[Result "1-0"]
[Round "08"]
[TimeControl "180+1"]
[Date "2022.02.22"]
[WhiteClock "0:01:03"]
[BlackClock "0:00:17"]

1. d4 d5 2. c4 dxc4 3. e3 Nf6 4. Bxc4 e6 5. Nf3 c5 6. O-O a6 7. a4 Nc6 8. Nc3 Be7 9. dxc5 Qxd1 10. Rxd1 Bxc5 11. Nd2 O-O 12. Nb3 Be7 13. f3 Bd7 14. e4 Rfd8 15. Be3 Be8 16. Nc5 Na5 17. Ba2 Rdc8 18. Nd3 Nc4 19. Bd4 b5 20. Bxc4 Rxc4 21. Bxf6 Bxf6 22. axb5 Bxc3 23. bxc3 Bxb5 24. Ra3 Rac8 25. Nb2 R4c7 26. c4 Bxc4 27. Rc3 f5 28. Rdc1 fxe4 29. fxe4 Rb8 30. Rxc4 Rxc4 31. Nxc4 Rc8 32. Rc2 h6 33. Kf2 Kh7 34. Ke3 Rb8 35. Kd4 Kg6 36. Ne5+ Kg5 37. Rc7 Rd8+ 38. Ke3 Kf6 39. Nd3 Ra8 40. h4 a5 41. Rc3 Kg6 42. g4 h5 43. Nf4+ Kh6 44. g5+ Kh7 45. Nxe6 a4 46. Ra3 Kg6 47. Nf4+ Kf7 48. Nxh5 1-0


[Site "https://www.chess.com"]

[Event "Titled Tuesday Blitz February 22 Early 2022"]
[White "Sargissyan, Sargis"]
[Black "Vovk, Orest"]
[WhiteFideId "13303210"]
[BlackFideId "14113490"]
[WhiteElo "2174"]
[BlackElo "2203"]
[Result "0-1"]
[Round "08"]
[TimeControl "180+1"]
[Date "2022.02.22"]
[WhiteClock "0:00:01"]
[BlackClock "0:00:12"]

1. e4 g5 2. d4 h6 3. h4 g4 4. Qxg4 d5 5. Qe2 dxe4 6. Qxe4 Nf6 7. Qd3 Nc6 8. Nf3 Bg4 9. Be2 Qd5 10. Nc3 Qh5 11. Be3 O-O-O 12. O-O-O e5 13. Qb5 a6 14. Qa4 e4 15. Ng1 Bxe2 16. Ngxe2 Rg8 17. Ng3 Qa5 18. Qxa5 Nxa5 19. Ncxe4 Nxe4 20. Nxe4 Rxg2 21. Rdg1 Rxg1+ 22. Rxg1 Nc4 23. Rg8 h5 24. Nd2 Nxb2 25. Kxb2 Ba3+ 26. Kxa3 Rxg8 27. Bg5 Re8 28. Be3 Rg8 29. Nf3 Rg4 30. c4 f6 31. Kb3 Kd7 32. Kc3 Ke6 33. Kd3 c6 34. a4 b5 35. cxb5 cxb5 36. axb5 axb5 37. Bd2 Kd5 38. Be3 b4 39. Bd2 b3 40. Kc3 Ke4 41. Ne1 Rxh4 42. Kxb3 Rh2 43. Kc3 Rxf2 44. Nc2 h4 45. d5 Kxd5 46. Ne3+ Ke4 47. Ng4 Rf3+ 48. Kc4 f5 0-1


[Site "https://www.chess.com"]

[Event "Titled Tuesday Blitz February 22 Early 2022"]
[White "Sargsyan, Anna M."]
[Black "Brankovic, Dejan"]
[WhiteFideId "13308130"]
[BlackFideId "921602"]
[WhiteElo "2271"]
[BlackElo "2209"]
[Result "1-0"]
[Round "08"]
[TimeControl "180+1"]
[Date "2022.02.22"]
[WhiteClock "0:01:12"]
[BlackClock "0:00:47"]

1. e4 c5 2. Nf3 d6 3. Bb5+ Nd7 4. O-O Nf6 5. Re1 a6 6. Bd3 g6 7. c3 Bg7 8. Bc2 O-O 9. d3 Ne5 10. Nbd2 Nxf3+ 11. Nxf3 b5 12. h3 Rb8 13. Be3 Nd7 14. Qd2 Re8 15. a3 a5 16. d4 Qc7 17. Bd3 b4 18. axb4 axb4 19. cxb4 Rxb4 20. e5 Qb8 21. Ra2 cxd4 22. Nxd4 Nxe5 23. Bf1 Bd7 24. Rc1 Rb7 25. f4 Rd8 26. Qf2 Rc8 27. Rxc8+ Qxc8 28. fxe5 Bxe5 29. Ba6 Qb8 30. Bxb7 Qxb7 31. Qf3 Qb4 32. Nc2 Qb3 33. Ra8+ Kg7 34. Bh6+ 1-0


[Site "https://www.chess.com"]

[Event "Titled Tuesday Blitz February 22 Early 2022"]
[White "Serikbay, Assel"]
[Black "Jiang, Brian"]
[WhiteFideId "13706799"]
[BlackFideId "2627922"]
[WhiteElo "2130"]
[BlackElo "2399"]
[Result "1-0"]
[Round "08"]
[TimeControl "180+1"]
[Date "2022.02.22"]
[WhiteClock "0:00:20"]
[BlackClock "0:00:17"]

1. d4 Nf6 2. c4 e6 3. g3 d5 4. Nf3 Be7 5. Bg2 O-O 6. O-O dxc4 7. Qc2 a6 8. a4 Bd7 9. Qxc4 Bc6 10. Bf4 a5 11. Nc3 Na6 12. Rfc1 Nb4 13. Ne5 Bxg2 14. Kxg2 c6 15. e4 Rc8 16. Rd1 Qb6 17. Rac1 Rfd8 18. Be3 Qa6 19. Qxa6 Nxa6 20. Nc4 Bb4 21. Bf4 h6 22. Nb6 Bxc3 23. bxc3 Nxe4 24. Nxc8 Rxc8 25. Re1 Nf6 26. Rb1 Nd5 27. Rxb7 Nxc3 28. Bd2 Nd5 29. Bxa5 c5 30. Rc1 c4 31. Bc3 Nac7 32. a5 Ra8 33. Bd2 Ne8 34. Ra1 Nd6 35. a6 Kf8 36. Bb4 Nxb4 37. Rxb4 Ke7 38. a7 Nc8 39. Rb8 Rxa7 40. Rxa7+ Nxa7 41. Rb7+ Kd6 42. Rxa7 1-0


[Site "https://www.chess.com"]

[Event "Titled Tuesday Blitz February 22 Early 2022"]
[White "Shahaliyev, Ismayil"]
[Black "Guseinov, Gadir"]
[WhiteFideId "13406388"]
[BlackFideId "13401378"]
[WhiteElo "2105"]
[BlackElo "2581"]
[Result "1/2-1/2"]
[Round "08"]
[TimeControl "180+1"]
[Date "2022.02.22"]
[WhiteClock "0:00:03"]
[BlackClock "0:00:03"]

1. d4 Nf6 2. Nf3 g6 3. g3 Bg7 4. Bg2 O-O 5. O-O d6 6. a4 Nc6 7. a5 a6 8. c4 e5 9. d5 Ne7 10. Nc3 Kh8 11. e4 Nfg8 12. b4 f5 13. Re1 Nf6 14. Ng5 f4 15. c5 h6 16. Ne6 Bxe6 17. dxe6 Nc6 18. Nd5 Re8 19. Bh3 Nd4 20. Nxf4 exf4 21. Qxd4 Nh7 22. e5 Ng5 23. Bg2 dxe5 24. Qxd8 Raxd8 25. Bb2 f3 26. Bf1 e4 27. Bxg7+ Kxg7 28. c6 bxc6 29. h4 Nxe6 30. Rxe4 Nd4 31. Rxe8 Rxe8 32. Bxa6 Nc2 33. Rb1 Rb8 34. Bd3 Nxb4 35. Be4 c5 36. a6 Nxa6 37. Ra1 Nb4 38. Ra7 Rf8 39. Rxc7+ Rf7 40. Rxc5 Rf6 41. Rc4 Na6 42. Rc3 Nb8 43. Bxf3 Nd7 44. Kg2 Ne5 45. Be4 h5 46. Rc7+ Kh6 47. Rc5 Ng4 48. f3 Ne3+ 49. Kf2 Nf5 50. Rc8 Rb6 51. Rc2 Nd6 52. Bd3 Rb3 53. Rd2 Nf7 54. Be4 Ra3 55. Rd5 Ra2+ 56. Ke3 Ra3+ 57. Kf4 Ra6 58. Rd7 Rf6+ 59. Ke3 Ne5 60. Rd5 Nc4+ 61. Kd4 Nd2 62. Ke5 Nxe4 63. fxe4 Rf3 64. Rd7 Rxg3 65. Kf6 Rg4 66. e5 Rf4+ 67. Ke7 Rxh4 68. e6 Re4 69. Kf7 Rf4+ 70. Ke8 Re4 71. e7 h4 72. Kf7 Kg5 73. e8=Q Rxe8 74. Kxe8 Kf4 75. Kf7 g5 76. Kg6 h3 77. Rd1 h2 78. Kh5 Kg3 79. Kxg5 Kg2 80. Rd2+ Kg1 81. Kg4 h1=Q 82. Rd1+ Kg2 83. Rxh1 Kxh1 1/2-1/2


[Site "https://www.chess.com"]

[Event "Titled Tuesday Blitz February 22 Early 2022"]
[White "Shevtchenko, Olesya"]
[Black "Chernomordik, Pavel"]
[WhiteFideId "24131890"]
[BlackFideId "2804530"]
[WhiteElo "2003"]
[BlackElo "2249"]
[Result "0-1"]
[Round "08"]
[TimeControl "180+1"]
[Date "2022.02.22"]
[WhiteClock "0:00:16"]
[BlackClock "0:00:35"]

1. c4 g6 2. d4 Bg7 3. Nc3 d6 4. e4 c6 5. Be3 a6 6. f3 b5 7. c5 dxc5 8. dxc5 Qa5 9. Qd2 Nd7 10. O-O-O b4 11. Nb1 Qxa2 12. Ne2 Ngf6 13. Qxb4 Rb8 14. Qa3 Qe6 15. Nf4 Qe5 16. Nd3 Qc7 17. Nd2 O-O 18. Nc4 Ne8 19. Nb6 Ne5 20. Nxe5 Qxe5 21. g3 Qf6 22. Bd4 e5 23. Bf2 Nc7 24. Rd6 Qe7 25. h4 Nb5 26. Bxb5 cxb5 27. h5 Be6 28. Qxa6 Qc7 29. hxg6 hxg6 30. Qxb5 Qa7 31. Qa4 Qc7 32. Rhd1 Rfe8 33. b4 Bf8 34. Rc6 Qe7 35. Rcd6 Qg5+ 36. Kb2 Bxd6 37. Rxd6 Red8 38. Qc6 Rxd6 39. Qxd6 Rd8 40. Qc7 Qd2+ 41. Ka3 Qa2# 0-1


[Site "https://www.chess.com"]

[Event "Titled Tuesday Blitz February 22 Early 2022"]
[White "Shohat, Yotam"]
[Black "Popadic, Dragan"]
[WhiteFideId "2813955"]
[BlackFideId "913650"]
[WhiteElo "2119"]
[BlackElo "2199"]
[Result "0-1"]
[Round "08"]
[TimeControl "180+1"]
[Date "2022.02.22"]
[WhiteClock "0:00:02"]
[BlackClock "0:00:26"]

1. e4 c5 2. Nc3 Nc6 3. f4 g6 4. Nf3 Bg7 5. Bc4 e6 6. f5 Nge7 7. fxe6 dxe6 8. O-O a6 9. a4 Nd4 10. d3 O-O 11. Kh1 Nxf3 12. Qxf3 Nc6 13. Qf2 Qe7 14. Be3 Nd4 15. Ne2 Rd8 16. Nxd4 cxd4 17. Bf4 Bd7 18. Qg3 Bc6 19. Rf2 Kh8 20. Raf1 f6 21. h4 e5 22. Bc1 Rf8 23. h5 g5 24. a5 Rac8 25. Bxg5 fxg5 26. Rf7 Rc7 27. h6 Bxh6 28. Qh3 Bg7 29. Qh5 Rxf7 30. Rxf7 Qe8 31. Qf3 Rxf7 32. Bxf7 Qe7 33. Bh5 Bd7 34. Qg3 Qf6 35. Kh2 Qf4 0-1


[Site "https://www.chess.com"]

[Event "Titled Tuesday Blitz February 22 Early 2022"]
[White "Shton, Roman"]
[Black "Bashirli, Saadat"]
[WhiteFideId "14137461"]
[BlackFideId "13429990"]
[WhiteElo "2038"]
[BlackElo "1173"]
[Result "1-0"]
[Round "08"]
[TimeControl "180+1"]
[Date "2022.02.22"]
[WhiteClock "0:00:26"]
[BlackClock "0:00:26"]

1. d4 d5 2. Nf3 e6 3. g3 c5 4. Bg2 Nc6 5. O-O Nf6 6. c4 Be7 7. cxd5 exd5 8. Nc3 cxd4 9. Nxd4 O-O 10. Bg5 Be6 11. Rc1 Ne5 12. Ncb5 Nc4 13. b3 a6 14. Nxe6 fxe6 15. Nd4 Ba3 16. bxc4 Bxc1 17. Qxc1 Qd7 18. Bxf6 Rxf6 19. cxd5 exd5 20. Qc5 Rd6 21. Rc1 b6 22. Qc7 Qxc7 23. Rxc7 Re8 24. Rxg7+ Kxg7 25. Nf5+ Kf6 26. Nxd6 Rxe2 27. Bxd5 Re1+ 28. Kg2 Rd1 29. Ne4+ Ke5 30. Bb7 Ra1 31. Ng5 Rxa2 32. Nxh7 b5 33. h4 b4 34. Ng5 b3 35. Be4 Re2 36. Bd3 Ra2 37. h5 Kf6 38. h6 b2 39. h7 Kg7 40. Nf7 Kxf7 41. h8=Q Ra1 42. Qxb2 Rd1 43. Bc4+ Ke7 44. Qb4+ Ke8 45. Bxa6 Kd8 46. Qb8+ Kd7 47. Qc8+ Kd6 48. Qd8+ Kc5 49. Qxd1 Kb6 50. Qe2 Ka7 51. g4 Kb6 52. g5 Ka7 53. g6 Kb6 54. g7 Ka7 55. g8=Q Kb6 56. Qge6+ Ka7 57. Q2e3+ Kb8 58. Q3b6+ Ka8 59. Bb7+ Kb8 60. Qc8# 1-0


[Site "https://www.chess.com"]

[Event "Titled Tuesday Blitz February 22 Early 2022"]
[White "Steenbekkers, Franck"]
[Black "Fathy, Elameir"]
[WhiteFideId "1004220"]
[BlackFideId "10600396"]
[WhiteElo "2145"]
[BlackElo "2311"]
[Result "0-1"]
[Round "08"]
[TimeControl "180+1"]
[Date "2022.02.22"]
[WhiteClock "0:00:17"]
[BlackClock "0:00:07"]

1. e4 c6 2. c4 d5 3. cxd5 cxd5 4. exd5 Nf6 5. Nc3 Nxd5 6. Nf3 g6 7. Bc4 Nb6 8. Bb3 Bg7 9. O-O O-O 10. d4 Nc6 11. d5 Na5 12. Re1 h6 13. h3 Kh7 14. Be3 Nac4 15. Bd4 Nxb2 16. Qe2 Bxd4 17. Nxd4 e5 18. Qxe5 Nd3 19. Qe3 Nxe1 20. Rxe1 Bd7 21. Qf4 Qg5 22. Qxg5 hxg5 23. Re7 Rae8 24. d6 Kg7 25. Ncb5 Bxb5 26. Nxb5 Rxe7 27. dxe7 Re8 28. Nd6 Rxe7 29. Nxf7 Rxf7 30. Bxf7 Kxf7 0-1


[Site "https://www.chess.com"]

[Event "Titled Tuesday Blitz February 22 Early 2022"]
[White "Suarez Uriel, Adrian"]
[Black "Medeiros Jr, Francisco De Assis"]
[WhiteFideId "22230874"]
[BlackFideId "2114267"]
[WhiteElo "2316"]
[BlackElo "1998"]
[Result "1-0"]
[Round "08"]
[TimeControl "180+1"]
[Date "2022.02.22"]
[WhiteClock "0:02:16"]
[BlackClock "0:01:34"]

1. d4 d5 2. Nf3 Nf6 3. c4 e6 4. Nc3 a6 5. e3 dxc4 6. Bxc4 b5 7. Bb3 Bb7 8. O-O Nbd7 9. Re1 b4 10. Na4 c5 11. dxc5 Nxc5 12. Nxc5 Bxc5 13. Ba4+ Kf8 14. Bd2 g6 15. Rc1 Qe7 16. Qb3 a5 17. a3 Bd5 18. Qc2 Bd6 19. e4 b3 20. Qd3 1-0


[Site "https://www.chess.com"]

[Event "Titled Tuesday Blitz February 22 Early 2022"]
[White "Sumaneev, Dmitry"]
[Black "Samaganova, Aleksandra"]
[WhiteFideId "4125312"]
[BlackFideId "13800221"]
[WhiteElo "2512"]
[BlackElo "1859"]
[Result "1-0"]
[Round "08"]
[TimeControl "180+1"]
[Date "2022.02.22"]
[WhiteClock "0:01:22"]
[BlackClock "0:00:02"]

1. e4 c5 2. c3 Nf6 3. e5 Nd5 4. d4 cxd4 5. Nf3 d6 6. cxd4 Nc6 7. Bc4 e6 8. O-O Be7 9. Re1 O-O 10. a3 Bd7 11. Qe2 Rc8 12. Bd2 dxe5 13. dxe5 Na5 14. Ba2 a6 15. Qe4 Bb5 16. Nc3 Nxc3 17. Bxc3 Bc6 18. Qg4 Bxf3 19. Qxf3 Nc6 20. Rad1 Qc7 21. Bb1 Rfd8 22. Qe4 g6 23. h4 Rxd1 24. Rxd1 Rd8 25. Re1 Qd7 26. h5 Qd5 27. Qg4 Bf8 28. Be4 Qb5 29. hxg6 hxg6 30. Bxg6 fxg6 31. Qxe6+ Kg7 32. Qf6+ Kh7 33. e6 Bh6 34. Qf7+ 1-0


[Site "https://www.chess.com"]

[Event "Titled Tuesday Blitz February 22 Early 2022"]
[White "Szpar, Milosz"]
[Black "Ambartsumova, Karina"]
[WhiteFideId "1184989"]
[BlackFideId "4166299"]
[WhiteElo "2793"]
[BlackElo "2626"]
[Result "1-0"]
[Round "08"]
[TimeControl "180+1"]
[Date "2022.02.22"]
[WhiteClock "0:01:22"]
[BlackClock "0:00:11"]

1. e4 c5 2. Nf3 e6 3. d4 cxd4 4. Nxd4 a6 5. c4 Nf6 6. Nc3 Bb4 7. Qd3 Qc7 8. Nc2 Be7 9. f4 d6 10. Be2 Nbd7 11. g4 h6 12. Bd2 b6 13. h4 Bb7 14. Qe3 d5 15. exd5 exd5 16. Nd4 O-O 17. g5 Ne4 18. Nxe4 dxe4 19. gxh6 Bc5 20. Rg1 g6 21. h5 Kh7 22. Bc3 Rg8 23. O-O-O Bd6 24. hxg6+ Rxg6 25. Rxg6 Bxf4 26. Rg7+ Kh8 27. Nf5 Bxe3+ 28. Nxe3 Ne5 29. Ng4 Re8 30. Bxe5 Rxe5 31. Nxe5 1-0


[Site "https://www.chess.com"]

[Event "Titled Tuesday Blitz February 22 Early 2022"]
[White "Talibov, Shiroghlan"]
[Black "Perez Ponsa, Federico"]
[WhiteFideId "13429078"]
[BlackFideId "117927"]
[WhiteElo "2070"]
[BlackElo "2672"]
[Result "1-0"]
[Round "08"]
[TimeControl "180+1"]
[Date "2022.02.22"]
[WhiteClock "0:00:43"]
[BlackClock "0:00:05"]

1. c4 Nf6 2. Nc3 g6 3. e4 d6 4. d4 Bg7 5. f4 c5 6. d5 O-O 7. Nf3 e6 8. Be2 exd5 9. cxd5 Nbd7 10. O-O Re8 11. Nd2 c4 12. a4 Nc5 13. Qc2 Bd7 14. e5 dxe5 15. fxe5 Rxe5 16. Nxc4 Bf5 17. Qd1 Re8 18. Be3 Rc8 19. Bd4 Nfe4 20. Bxg7 Kxg7 21. Rc1 Qg5 22. Kh1 Qh4 23. Nxe4 Nxe4 24. Qd4+ Kg8 25. Kg1 Rcd8 26. Bd3 Qg5 27. Rce1 Nf6 28. Rxe8+ Rxe8 29. Bxf5 gxf5 30. Nd6 Re2 31. g3 Qh5 32. Rf2 Rxf2 33. Qxf2 Qd1+ 34. Qf1 Qd4+ 35. Qf2 Qxd5 36. Nxf5 Qd1+ 37. Qf1 Qxa4 38. Nh6+ Kg7 39. Nf5+ Kf8 40. Qc1 Qc6 41. Qh6+ Ke8 42. Qe3+ Kf8 43. Qa3+ 1-0


[Site "https://www.chess.com"]

[Event "Titled Tuesday Blitz February 22 Early 2022"]
[White "Tari, Aryan"]
[Black "Zhu, Jiner"]
[WhiteFideId "1510045"]
[BlackFideId "8608059"]
[WhiteElo "2567"]
[BlackElo "2281"]
[Result "0-1"]
[Round "08"]
[TimeControl "180+1"]
[Date "2022.02.22"]
[WhiteClock "0:00:04"]
[BlackClock "0:00:07"]

1. c4 Nf6 2. g3 c6 3. Bg2 d5 4. Nf3 g6 5. b3 Bg7 6. Bb2 O-O 7. O-O a5 8. a3 Nbd7 9. d4 Ne4 10. Nbd2 a4 11. b4 Ndf6 12. cxd5 cxd5 13. Rc1 Bd7 14. Ne5 Bb5 15. Re1 Qb6 16. Ndf3 Nd6 17. Rc5 Nfe4 18. Nd2 Nxd2 19. Qxd2 e6 20. Rec1 Qa6 21. Bf3 b6 22. R5c2 Rac8 23. Rxc8 Rxc8 24. h4 h5 25. Rc2 Rxc2 26. Qxc2 Qc8 27. Qxc8+ Nxc8 28. e4 dxe4 29. Bxe4 Nd6 30. Bf3 Kf8 31. d5 Bxe5 32. Bxe5 Nc4 33. Bc7 Nxa3 34. Bxb6 Nc4 35. Bc5+ Ke8 36. dxe6 fxe6 37. Be4 Kf7 38. Bd4 a3 39. f4 Nb2 40. Kf2 Nd3+ 41. Ke3 Nxb4 42. Kd2 a2 43. Kc1 Bc4 44. Kb2 Bd5 45. Bxd5 exd5 46. Bc3 Nd3+ 47. Kxa2 Nc1+ 48. Kb2 Ne2 49. Be1 Ke6 50. Kc2 Kf5 51. Kd3 Ng1 52. Bf2 Nf3 53. Ke2 Ke4 54. Bb6 d4 55. Ba5 d3+ 56. Kf2 Nd4 57. Bb4 Nb3 58. Bc3 Nc1 59. Bd2 Nb3 60. Bb4 Nc1 61. Bd2 Nb3 62. Bb4 Nd4 63. Bc3 Nc2 64. Bd2 Na3 65. Bb4 Nc4 66. Bc3 d2 67. Ke2 d1=Q+ 68. Kxd1 Kf3 69. Be1 Ne3+ 70. Kd2 Ng2 71. Kd1 Nxe1 72. Kxe1 Kxg3 0-1


[Site "https://www.chess.com"]

[Event "Titled Tuesday Blitz February 22 Early 2022"]
[White "Tasev, Dejan"]
[Black "Siva Mahadevan"]
[WhiteFideId "936618"]
[BlackFideId "25043153"]
[WhiteElo "2253"]
[BlackElo "2203"]
[Result "0-1"]
[Round "08"]
[TimeControl "180+1"]
[Date "2022.02.22"]
[WhiteClock "0:00:14"]
[BlackClock "0:00:12"]

1. e4 c5 2. Nf3 Nc6 3. Nc3 d6 4. d4 cxd4 5. Nxd4 Nf6 6. Bc4 Qb6 7. Nb3 e6 8. Be3 Qc7 9. Qe2 a6 10. a4 b6 11. O-O Be7 12. f4 O-O 13. f5 Ne5 14. Bd3 exf5 15. Nd4 Neg4 16. Nxf5 Bxf5 17. Rxf5 d5 18. e5 Nxe3 19. exf6 Nxf5 20. fxe7 Nxe7 21. Bxa6 d4 22. Nd1 Nd5 23. Bc4 Nf4 24. Qf1 Rfe8 25. b3 Rad8 26. Nb2 Re3 27. Nd3 Nxd3 28. Bxd3 Rde8 29. Qf2 g6 30. Rf1 f5 31. Bc4+ Kg7 32. Bd3 Qe5 33. h3 Re6 34. b4 Qd6 35. a5 Qxb4 36. a6 Re7 37. Qf4 Re1 38. Qb8 Rxf1+ 39. Bxf1 Qa5 40. Qd8 Re1 41. Qxd4+ Kh6 42. Qh4+ Kg7 43. Qd4+ Qe5 44. Qd7+ Kh6 45. Qd3 Qe3+ 46. Qxe3+ Rxe3 47. Kf2 Ra3 48. Be2 Kg5 49. Bb5 Kf4 50. Ke2 Ke4 51. Bc6+ Kd4 52. Bb7 g5 53. Kd2 h5 54. g3 f4 55. gxf4 gxf4 56. Ke2 Ra2 57. Kf3 Ke5 58. c4 Ra3+ 59. Kf2 Kd4 60. h4 Kxc4 61. Ke2 b5 62. Kd2 b4 63. Kc2 Ra2+ 64. Kb1 b3 65. Bc8 Kc3 0-1


[Site "https://www.chess.com"]

[Event "Titled Tuesday Blitz February 22 Early 2022"]
[White "Tillis., Bryan"]
[Black "Yang, Kaiqi"]
[WhiteFideId "2059053"]
[BlackFideId "8604398"]
[WhiteElo "2329"]
[BlackElo "2373"]
[Result "1-0"]
[Round "08"]
[TimeControl "180+1"]
[Date "2022.02.22"]
[WhiteClock "0:00:11"]
[BlackClock "0:00:02"]

1. c4 g6 2. Nf3 Bg7 3. d4 Nf6 4. Nc3 O-O 5. Bf4 d6 6. e3 Nh5 7. Bg5 h6 8. Bh4 g5 9. Nd2 Nf6 10. Bg3 c5 11. d5 e6 12. Be2 exd5 13. cxd5 Re8 14. O-O Na6 15. Nc4 Bf8 16. Qd2 Nc7 17. a4 b6 18. Nb5 Nxb5 19. axb5 Ne4 20. Qd1 Bd7 21. Nd2 Nxg3 22. hxg3 Bg7 23. Qc2 Qf6 24. Ra2 Bf5 25. Bd3 Bd7 26. Rfa1 Rad8 27. Rxa7 Qxb2 28. Qxb2 Bxb2 29. R1a2 Bc3 30. Ne4 Rxe4 31. Bxe4 Bxb5 32. Rb7 Bc4 33. Rc2 b5 34. Rxc3 Ra8 35. Rc1 Kg7 36. Rb6 Kf6 37. Bf3 Ke5 38. g4 Ra2 39. Rb7 Kf6 40. Rb8 1-0


[Site "https://www.chess.com"]

[Event "Titled Tuesday Blitz February 22 Early 2022"]
[White "Timofeev, Artyom"]
[Black "Atakhan, Abtin"]
[WhiteFideId "4140419"]
[BlackFideId "22502203"]
[WhiteElo "2583"]
[BlackElo "2119"]
[Result "1-0"]
[Round "08"]
[TimeControl "180+1"]
[Date "2022.02.22"]
[WhiteClock "0:01:02"]
[BlackClock "0:00:01"]

1. d4 d5 2. c4 c6 3. Nf3 Nf6 4. Nc3 a6 5. Ne5 Bf5 6. Qb3 Ra7 7. Bf4 e6 8. e3 Nbd7 9. Be2 Be7 10. O-O O-O 11. Rac1 Nxe5 12. Bxe5 Nd7 13. Bg3 b5 14. cxd5 cxd5 15. a4 b4 16. Nb1 a5 17. Nd2 Nb6 18. Bb5 Bd6 19. Bxd6 Qxd6 20. Rc6 Qb8 21. Rfc1 Rc8 22. e4 dxe4 23. Qg3 Ra8 24. Nb3 Qxg3 25. hxg3 Rxc6 26. Rxc6 Nd5 27. Nxa5 g5 28. Nc4 b3 29. Ne5 e3 30. g4 Be4 31. fxe3 Nxe3 32. Rc7 f6 33. Nd7 Nd5 34. Rc5 Kf7 35. Bc6 Ra7 36. Bxd5 Bxd5 37. Nb6 Be4 38. a5 Bc2 39. Nc4 Ke7 40. Kf2 Be4 41. g3 Bd5 42. Nb6 Ra6 43. Nxd5+ exd5 44. Rxd5 Ke6 45. Rb5 Kd6 46. Ke3 Kc6 47. Rc5+ Kd6 48. Kd3 Ra8 49. Kc3 f5 50. Rxf5 1-0


[Site "https://www.chess.com"]

[Event "Titled Tuesday Blitz February 22 Early 2022"]
[White "Tologon tegin, Semetei"]
[Black "Novikov, Evgenij"]
[WhiteFideId "13800574"]
[BlackFideId "4125380"]
[WhiteElo "2258"]
[BlackElo "2242"]
[Result "1/2-1/2"]
[Round "08"]
[TimeControl "180+1"]
[Date "2022.02.22"]
[WhiteClock "0:00:08"]
[BlackClock "0:00:07"]

1. e4 c5 2. Nc3 Nc6 3. Bb5 g6 4. Nf3 Bg7 5. O-O d6 6. d4 cxd4 7. Nxd4 Bd7 8. Be3 Nf6 9. h3 O-O 10. Bc4 Rc8 11. Bb3 Na5 12. Qe2 a6 13. f4 Rxc3 14. bxc3 Nxe4 15. Qe1 Qc7 16. c4 Nxc4 17. Rd1 e6 18. Kh1 Nxe3 19. Qxe3 d5 20. c4 Nc5 21. cxd5 Nxb3 22. Nxb3 exd5 23. Rxd5 Bc6 24. Rd2 Re8 25. Qf2 Qe7 26. Nd4 Be4 27. f5 Qg5 28. fxg6 Bxg6 29. Nf5 Be5 30. Nd6 Rf8 31. Rd5 Qe7 32. Nc4 Bg7 33. Rfd1 Qe6 34. Nd6 b5 35. Nf5 Re8 36. Nxg7 Kxg7 37. Qd4+ Kg8 38. Rd8 Rxd8 39. Qxd8+ Kg7 40. Qd4+ Kg8 41. a3 h5 42. Kh2 Kh7 43. Rd2 Qf5 44. Rf2 Qe6 45. Rf6 Qe2 46. Rf4 a5 47. Qf6 a4 48. Rd4 Qe6 49. Qxe6 fxe6 50. Rd6 Bf5 51. Rb6 Bd3 52. Rxe6 Kg7 53. Rd6 Bc4 54. Kg3 Kf7 55. Kf4 Ke7 56. Rb6 Kd7 57. g4 hxg4 58. hxg4 Kc7 59. Rh6 b4 60. axb4 a3 61. Rh1 Kb6 62. g5 Kb5 63. g6 Kxb4 64. g7 Kb3 65. Ke3 a2 66. Kd2 Kb2 67. Rg1 a1=Q 68. Rxa1 Kxa1 69. Kc3 Bg8 70. Kd4 Kb2 71. Ke5 Kc3 72. Kf6 Kd4 73. Ke7 Ke5 74. Kf8 Be6 75. g8=Q Bxg8 1/2-1/2


[Site "https://www.chess.com"]